 Dungeon Crawl Stone Soup version 0.29-a0-563-g64e4043184 (webtiles) character file.

Game seed: 7494709803592196729

106 nobbins the Gusty (level 4, -6/30 HPs)
             Began as a Draconian Air Elementalist on June 11, 2022.
             Was a Believer of Hepliaklqana.
             Mangled by a gnoll
             ... wielding a +0 halberd
              (8 damage)
             ... on level 3 of the Dungeon.
             The game lasted 00:07:50 (2193 turns).

nobbins the Gusty (Draconian Air Elementalist)      Turns: 2193, Time: 00:07:51

Health: -6/30      AC:  5    Str: 10    XL:     4   Next: 55%
Magic:  3/8        EV: 12    Int: 18    God:    Hepliaklqana [**....]
Gold:   120        SH:  0    Dex: 11    Spells: 6/9 levels left

rFire   . . .      SeeInvis .   g - +2 dagger of Pucrar {vorpal, +Blink}
rCold   . . .      Faith    .   (no shield)
rNeg    . . .      Spirit   .   (body armour unavailable)
rPois   .          Reflect  .   (helmet restricted)
rElec   .          Harm     .   (no cloak)
rCorr   .          Rampage  .   (no gloves)
Will    .....                   (no boots)
Stlth   ++........              (no amulet)
HPRegen 0.10/turn               e - ring of wizardry
MPRegen 0.11/turn               (no ring)

@: no status effects
A: reduced essence, AC +5, unfitting armour, cold-blooded
a: Renounce Religion, Evoke Blink, Recall Ancestor, Ancestor Identity


You were on level 3 of the Dungeon.
You worshipped Hepliaklqana.
Hepliaklqana was pleased with you.
You visited 1 branch of the dungeon, and saw 3 of its levels.

You collected 120 gold pieces.

Inventory:

Hand Weapons
 b - a +0 dagger
 g - the +2 dagger of Pucrar (weapon) {vorpal, +Blink}
   (You found it on level 2 of the Dungeon)

   It inflicts extra damage upon your enemies.
   +Blink:    It lets you blink.
Jewellery
 e - a ring of wizardry (left hand)
Scrolls
 f - 2 scrolls of teleportation
 h - 2 scrolls of magic mapping
 i - 2 scrolls of vulnerability
 k - 2 scrolls of noise
Potions
 a - a potion of magic
 d - a potion of resistance
 j - a potion of mutation {unknown}


   Skills:
 + Level 0.3 Fighting
 + Level 0.5 Short Blades
 + Level 2.0 Dodging
 + Level 2.1 Stealth
 + Level 3.0 Spellcasting
 + Level 1.7 Conjurations
 + Level 3.9 Air Magic


You had 6 spell levels left.
You knew the following spells:

 Your Spells              Type           Power      Damage    Failure   Level
a - Shock                 Conj/Air       48%        1d6       1%          1
b - Static Discharge      Conj/Air       12%        N/A       3%          2

Your spell library contained the following spells:

 Spells                   Type           Power      Damage    Failure   Level
 Swiftness                Air            16%        N/A       4%          3
 Airstrike                Air            8%         N/A       13%         4
 Ozocubu's Armour         Ice            2%         N/A       19%         3
 Ozocubu's Refrigeration  Ice            1%         4d5       100%        7


Dungeon Overview and Level Annotations

Branches:
Dungeon (3/15)

Altars:
Hepliaklqana


Innate Abilities, Weirdness & Mutations

Your life essence is reduced to manifest your ancestor. (-10% HP)
Your plain brown scales are hard. (AC +5)
You cannot fit into any form of body armour.
You are cold-blooded and may be slowed by cold attacks.


Message History

* * * LOW HITPOINT WARNING * * *
The gnoll barely misses you.
Casting: Static Discharge (safe; 3% risk of failure)
Confirm with . or Enter, or press ? or * to list all spells.
The gnoll is struck by an arc of lightning.
The gnoll is almost dead.
You are struck by an arc of lightning.
* * * LOW HITPOINT WARNING * * *
The lightning grounds out.
Octavia hits the gnoll with a +0 flail!
The gnoll barely misses Octavia.
The gnoll closely misses you. The gnoll hits you with a +0 flail.
* * * LOW HITPOINT WARNING * * *
Unknown command.
You barely miss the gnoll.
The gnoll is moderately wounded.
Octavia hits the gnoll with a +0 flail!
The gnoll dies!
The gnoll hits you but does no damage. The gnoll completely misses you.
The gnoll attacks as you move away! The gnoll misses you.
Octavia hits the gnoll but does no damage.
The gnoll misses you. The gnoll attacks as you move away!
The gnoll closely misses you.
Octavia hits the gnoll with a +0 flail!
The gnoll closely misses you.
You barely miss the gnoll.
Your tail-slap misses the gnoll.
The gnoll is severely wounded.
You closely miss the gnoll.
The gnoll is severely wounded.
The gnoll misses you. The gnoll barely misses you.
Found a scroll labelled XAD VUF COTIM.
Octavia hits the gnoll with a +0 flail.
There is a fountain of clear blue water here.
Found 14 gold pieces.
The gnoll attacks as you move away!
The gnoll barely misses you. 2 orcs come into view.
The orc shouts! x2; You hear a shout!
The gnoll attacks as you move away! The gnoll closely misses you.
The gnoll barely misses you. The gnoll barely misses you. x2
Octavia closely misses the gnoll.
The gnoll hits you from afar with a +0 halberd!
You die...

########## #........#
###.....?..####### #.
.$.........#......# #.
....o......#......#....
..
....o....g@.......#.....
..
..................#.....
.
..##+##.Rg........#.?....
##.⌠........#...#..
##...............>##
##........>. ##....
##......... +.....
#).........#####.
#................


You could see the friendly Octavia the knight, 2 gnolls and 2 orcs.

Vanquished Creatures
  A scorpion (D:2)
  2 endoplasms (D:1)
  A giant cockroach (D:2)
  3 hobgoblins
  3 jackals (D:2)
  3 kobolds (D:1)
  2 quokkas
  5 ball pythons
  3 bats
  4 goblins
  3 rats
30 creatures vanquished.

Vanquished Creatures (collateral kills)
  A gnoll (D:3)
  A bat (D:3)
  A goblin (D:2)
  A jackal (D:2)
4 creatures vanquished.

Vanquished Creatures (others)
  2 ancestors (D:2)
  A fungus (D:1)
  2 plants (D:1)
5 creatures vanquished.

Grand Total: 39 creatures vanquished

Notes
Turn   | Place    | Note
-------+----------+-------------------------------------------
     0 | D:1      | nobbins the Draconian Air Elementalist began the quest for
                  | the Orb.
     0 | D:1      | Reached XP level 1. HP: 14/14 MP: 3/3
   392 | D:1      | Reached XP level 2. HP: 20/20 MP: 3/5
   659 | D:1      | Found a faded altar of an unknown god.
   667 | D:1      | Prayed at the altar of an unknown god.
   667 | D:1      | Became a worshipper of Hepliaklqana the Forgotten
   667 | D:1      | Reached * piety under Hepliaklqana
   680 | D:1      | Learned a level 2 spell: Static Discharge
   942 | D:2      | Identified the +2 dagger of Pucrar {vorpal, +Blink}
  1398 | D:2      | Reached XP level 3. HP: 23/23 MP: 3/6
  1640 | D:2      | Noticed a scorpion
  1649 | D:2      | Killed a scorpion
  1650 | D:2      | Reached XP level 4. HP: 21/29 MP: 0/8
  2062 | D:3      | Reached ** piety under Hepliaklqana
  2165 | D:3      | Remembered your ancestor Octavia as a knight
  2181 | D:3      | HP: 1/29 [gnoll/+0 flail (1)]
  2193 | D:3      | Mangled by a gnoll

Illustrated notes

Levels and vault maps discovered:
D:1:      dpeg_arrival_round_c, layout_basic,
          shapermc_ecumenical_altar_mp_ritualfount
D:2:      layout_basic
D:3:      layout_basic, nicolae_overflow_ecumenical_swirl, minmay_crystal_water,
          roderic_lattice_a, hex_intersection

Skill      XL: |  1  2  3 |
---------------+----------+-----
Stealth        | 2 |  2.1
Dodging        | 2 |  2.0
Spellcasting   | 3 |  3.0
Fighting       | |  0.3
Short Blades   | |  0.5
Conjurations   | |  1.7
Air Magic      | |  3.9

Action                   |  1- 3 |  4- 6 || total
-------------------------+-------+-------++-------
Melee: Dagger            |    18 |     4 ||    22
       Tailslap          |     5 |       ||     5
 Cast: Shock             |    55 |     1 ||    56
       Static Discharge  |     2 |     3 ||     5
Invok: Ancestor Life: Kn |       |     1 ||     1
  Use: Scroll            |       |     5 ||     5
Armor: Skin              |     5 |     2 ||     7
Dodge: Dodged            |    11 |    20 ||    31

Table legend: (Time is in decaauts)
 A = Elapsed time spent in this place.
 B = Non-inter-level travel time spent in this place.
 C = Inter-level travel time spent in this place.
 D = Time resting spent in this place.
 E = Time spent auto-exploring this place.
 F = Levels seen in this place.
 G = Mean time per level.
                   A        B        C        D        E       F      G
               +--------+--------+--------+--------+--------+-----+--------+
         Total |   2190 |   2117 |     73 |    307 |   1521 |   3 |  730.0 |
       Dungeon |   2190 |   2117 |     73 |    307 |   1521 |   3 |  730.0 |
               +--------+--------+--------+--------+--------+-----+--------+

Top non-repeatable levels by time:
     D:2: 1081 daAuts
     D:1: 926 daAuts
     D:3: 183 daAuts
